 Dungeon Crawl Stone Soup version 0.30.0-5-g1a98f26d00 (webtiles) character file.

Game seed: 15642067963333857616

74 GloriousHammer the Sneak (level 4, 0/24 HPs)
             Began as a Tengu Enchanter on May 8, 2023.
             Succumbed to a hobgoblin's poison
             ... on level 2 of the Dungeon on May 9, 2023.
             The game lasted 00:04:40 (1700 turns).

GloriousHammer the Sneak (Tengu Enchanter)          Turns: 1700, Time: 00:04:40

Health: 0/24       AC:  2    Str:  8    XL:     4   Next: 28%
Magic:  8/8        EV: 12    Int: 17    God:
Gold:   28         SH:  0    Dex: 15    Spells: 7/7 levels left

rFire   . . .        (no weapon)
rCold   . . .        (no shield)
rNeg    . . .        b - +0 robe
rPois   .            (helmet restricted)
rElec   .            (no cloak)
rCorr   .            (no gloves)
SInv    .            (boots unavailable)
Will    .....        (no amulet)
Stlth   ++           (no ring)
HPRegen 0.24/turn    (no ring)
MPRegen 0.11/turn

%: no passive effects
@: lethally poisoned (0 -> -24)
A: beak, talons 3
a: no special abilities


You were on level 2 of the Dungeon.
You visited 1 branch of the dungeon, and saw 2 of its levels.

You collected 28 gold pieces.

Inventory:

Hand Weapons
 a - a +1 dagger
 e - a +0 whip
Armour
 b - a +0 robe (worn)
Jewellery
 k - an amulet of reflection
Scrolls
 d - a scroll of fear {unknown}
Potions
 c - a potion of invisibility
 f - 2 potions of flight {unknown}
 g - a potion of resistance {unknown}
 h - 2 potions of magic {unknown}
 i - a potion of curing {unknown}
 j - a potion of brilliance {unknown}


   Skills:
 + Level 2.1 Short Blades
 - Level 2.1 Dodging
 + Level 3.5 Stealth
 + Level 2.4 Spellcasting
 * Level 2.9 Hexes


You had 7 spell levels left.
You didn't know any spells.
Your spell library contained the following spells:

 Spells                   Type           Power      Damage    Failure   Level
 Ensorcelled Hibernation  Hex/Ice        14%        N/A       16%         2
 Confusing Touch          Hex            12%        N/A       17%         3
 Tukima's Dance           Hex            12%        N/A       17%         3
 Dazzling Flash           Conj/Hex       14%        N/A       30%         3
 Vhi's Electric Charge    Tloc/Air       4%         N/A       50%         3
 Arcjolt                  Conj/Air       1%         1d11      99%         5
 Plasma Beam              Fire/Air       1%         2x1d12    100%        6


Dungeon Overview and Level Annotations

Branches:
Dungeon (2/15)

Altars:

Shops:
D:2 [


Innate Abilities, Weirdness & Mutations

You have a beak for a mouth.
You have claws for feet.


Message History

The kobold closely misses you.
You hit the kobold.
You kill the kobold!
Things that are here:
a +0 whip; 3 stones; a kobold corpse You start resting.
HP restored.
You now have 28 gold pieces (gained 2).
A hobgoblin comes into view.
The hobgoblin shouts!
You see here a white potion.
A hobgoblin is nearby!
You hit the hobgoblin but do no damage. The hobgoblin closely misses you.
You closely miss the hobgoblin.
You claw the hobgoblin, but do no damage.
Your peck misses the hobgoblin. You hit the hobgoblin but do no damage.
You peck the hobgoblin.
The hobgoblin is severely wounded.
The hobgoblin barely misses you.
You hit the hobgoblin.
You kill the hobgoblin!
i - a white potion A hobgoblin comes into view.
There is an open door here.
A hobgoblin is nearby!
The hobgoblin hits you but does no damage.
You closely miss the hobgoblin. Your kick misses the hobgoblin.
You peck the hobgoblin.
The hobgoblin is lightly wounded.
The hobgoblin hits you.
You barely miss the hobgoblin. You peck the hobgoblin.
The hobgoblin is heavily wounded.
The hobgoblin completely misses you.
You hit the hobgoblin.
You kill the hobgoblin!
Your Short Blades skill increases to level 2!
A frilled lizard comes into view.
Found 5 stones.
A frilled lizard is nearby!
A frilled lizard is nearby!
An endoplasm comes into view.
You see here a glowing orange potion.
j - a glowing orange potion A kobold comes into view.
It is wielding a +0 dagger.
The kobold shouts!
You hear a shout!
A ball python comes into view.
The frilled lizard hisses angrily.
The ball python hisses angrily.
You hit the kobold. You claw the kobold.
You kill the kobold!
You barely miss the frilled lizard. Your kick misses the frilled lizard.
Your peck misses the frilled lizard. The frilled lizard misses you.
You hit the frilled lizard.
You kill the frilled lizard!
You have reached level 4!
You feel agile.
You barely miss the ball python. Your kick misses the ball python.
The ball python bites you. The ball python grabs you.
The ball python constricts you.
You barely miss the ball python. The ball python bites you.
The ball python constricts you.
You hit the ball python. You claw the ball python.
You kill the ball python!
The endoplasm quivers.
You hit the endoplasm. Your kick misses the endoplasm.
The endoplasm is moderately wounded.
The endoplasm jiggles.
The endoplasm hits you.
You hit the endoplasm.
You kill the endoplasm!
You see here a +0 dagger.
A quokka comes into view.
Found a stone staircase leading up.
A hobgoblin comes into view.
The quokka misses you.
The hobgoblin shouts!
You hit the quokka but do no damage. The quokka barely misses you.
You hit the quokka.
The quokka is moderately wounded.
The quokka bites you.
You hit the quokka.
The quokka is almost dead.
The quokka bites you but does no damage.
You hit the quokka.
You kill the quokka!
You see here a quokka corpse.
You hit the hobgoblin.
You claw the hobgoblin, but do no damage.
Your peck misses the hobgoblin.
The hobgoblin is moderately wounded.
The hobgoblin closely misses you.
You closely miss the hobgoblin. You claw the hobgoblin.
The hobgoblin is heavily wounded.
The hobgoblin hits you.
You hit the hobgoblin.
You kill the hobgoblin!
You open the large door.
There is a large open door here.
There is a large open door here.
There is a large open door here.
You see here a +0 dagger.
There is a large open door here.
There is an open door here.
You see here 7 stones.
There is an open door here.
Key pressed, stopping explore.
Found Cucw's Armour Boutique.
There is an entrance to Cucw's Armour Boutique here.
You can access your shopping list by pressing '$'.
You enter the shallow water.
Moving in this stuff is going to be slow.
You enter the shallow water.
Moving in this stuff is going to be slow.
k - an amulet of reflection You enter the shallow water.
Moving in this stuff is going to be slow.
A bat comes into view.
You enter the shallow water.
Moving in this stuff is going to be slow.
The bat hits you.
You barely miss the bat. You claw the bat.
You kill the bat!
You see here a bat corpse.
You open the door.
There is an open door here.
You open the large door.
There is a large open door here.
You enter the shallow water.
Moving in this stuff is going to be slow.
You enter the shallow water.
Moving in this stuff is going to be slow.
You enter the shallow water.
Moving in this stuff is going to be slow.
As you open the door, it creaks loudly!
There is an open door here.
You enter the shallow water.
Moving in this stuff is going to be slow.
A frilled lizard comes into view.
The frilled lizard hisses angrily.
The frilled lizard moves out of view.
You enter the shallow water.
Moving in this stuff is going to be slow.
The frilled lizard misses you.
A frilled lizard is nearby!
Your unstable footing causes you to fumble your attack.
The frilled lizard barely misses you.
Your unstable footing causes you to fumble your attack.
The frilled lizard bites you.
You hit the frilled lizard.
You kill the frilled lizard!
An adder comes into view.
An adder is nearby!
An adder is nearby!
The adder hisses angrily.
The adder misses you.
Your unstable footing causes you to fumble your attack.
The adder barely misses you.
Your unstable footing causes you to fumble your attack.
The adder bites you.
Your unstable footing causes you to fumble your attack.
The adder closely misses you. The adder barely misses you.
Your unstable footing causes you to fumble your attack.
The adder misses you.
Your unstable footing causes you to fumble your attack.
The adder bites you.
Unknown command.
The adder attacks as you move away! The adder bites you.
The adder barely misses you.
You hit the adder. You claw the adder.
The adder is severely wounded.
The adder bites you.
You hit the adder.
You kill the adder!
You see here an adder corpse.
You enter the shallow water.
Moving in this stuff is going to be slow.
You see here an adder corpse.
You enter the shallow water.
Moving in this stuff is going to be slow.
There is a large open door here.
There is an open door here.
A hobgoblin comes into view.
It is wielding the +6 mace of Generosity {venom, Drain rPois Int+4 Dex+5}.
A hobgoblin is nearby!
You enter the shallow water.
Moving in this stuff is going to be slow.
The hobgoblin shouts!
You hit the hobgoblin. Your kick misses the hobgoblin.
Your peck misses the hobgoblin.
The hobgoblin is lightly wounded.
The hobgoblin hits you with the +6 mace of Generosity {venom, Drain rPois Int+4 Dex+5}!
You are lethally poisoned!
You barely miss the hobgoblin. Your kick misses the hobgoblin.
You peck the hobgoblin.
The hobgoblin is heavily wounded.
You feel very sick.
The hobgoblin hits you with the +6 mace of Generosity {venom, Drain rPois Int+4 Dex+5}!
* * * LOW HITPOINT WARNING * * *
You are more poisoned.
You are now empty-handed.
You die...

...~ ~........~~~~...
...P~≈≈#......#~≈~~...
.##..~~.###....###.~~P..
...P~~~~#......#~≈~.##. .
P.~~~≈≈........≈~.##.#
..##.~~≈~#......#≈≈~..##
###....~~###....###~#.##≈
#~###..P~~#......#.~.##≈~
#..~###g@~~......÷~~##~~≈
#P...~###.~......~~##~~≈~
##..P~~~##~~.....###~~≈≈~
##.P.~~≈≈#####'####~~≈≈≈~
#...~~≈~≈~~##..##~~~≈≈≈~~
#P.~~~~≈~~###''###~≈~~~~.
#.PP~≈######....###~≈≈≈≈#
#....~≈≈≈# #....# #~~~≈≈≈
#....~~~≈# #....# ##~~~≈≈


You could see a hobgoblin.

Vanquished Creatures
  A gnoll (D:1)
  2 adders (D:2)
  A dart slug (D:2)
  2 bats
  2 endoplasms
  A giant cockroach (D:1)
  5 goblins
  8 hobgoblins
  3 kobolds
  4 quokkas
  5 ball pythons
  3 frilled lizards (D:2)
  3 rats
40 creatures vanquished.

Notes
Turn   | Place    | Note
-------+----------+-------------------------------------------
     0 | D:1      | GloriousHammer the Tengu Enchanter began the quest for the
                  | Orb.
     0 | D:1      | Reached XP level 1. HP: 10/10 MP: 4/4
   191 | D:1      | Reached XP level 2. HP: 15/15 MP: 6/6
   435 | D:1      | Reached XP level 3. HP: 19/19 MP: 7/7
   519 | D:1      | Found a faded altar of an unknown god.
  1274 | D:2      | Reached XP level 4. HP: 24/24 MP: 8/8
  1464 | D:2      | Found Cucw's Armour Boutique.
  1687 | D:2      | Identified the +6 mace of Generosity {venom, Drain rPois
                  | Int+4 Dex+5}
  1699 | D:2      | HP: 1/24 [hobgoblin/the +6 mace of Generosity {venom, Drain
                  | rPois Int+4 Dex+5} (8)]
  1700 | D:2      | Succumbed to a hobgoblin's poison

Illustrated notes

Levels and vault maps discovered:
D:1:      eino_arrival_water_star, layout_loops_corners,
          shapermc_ecumenical_altar_mp_vishouse
D:2:      wad_lake_hut, layout_basic, serial_shops, shop

Skill      XL: |  1  2  3 |
---------------+----------+-----
Short Blades   | 2 |  2.1
Dodging        | |  2.1
Stealth        | |  3.5
Spellcasting   | |  2.4
Hexes          | |  2.9

Action                     |  1- 3 |  4- 6 || total
---------------------------+-------+-------++-------
  Melee: Dagger            |    64 |    25 ||    89
         Kick              |    10 |     5 ||    15
         Peck              |     7 |     1 ||     8
         Punch             |     1 |       ||     1
    Use: Potion            |     1 |       ||     1
   Stab: Sleeping          |    10 |       ||    10
         Invisible         |     2 |       ||     2
 Armour: Robe              |     5 |     1 ||     6
  Dodge: Dodged            |    33 |    11 ||    44
